 Dungeon Crawl Stone Soup version 0.17.1-1-g73c8601 (webtiles) character file.

11351 shmeve the Fighter (level 11, -1/91 HPs)
             Began as a Demonspawn Berserker on Apr 18, 2016.
             Was a High Priest of Trog.
             Slain by a porcupine (9 damage)
             ... on level 2 of the Lair of Beasts.
             The game lasted 00:28:53 (8442 turns).

shmeve the Fighter (Demonspawn Berserker)           Turns: 8442, Time: 00:28:53

Health: -1/91      AC: 23    Str: 22    XL:     11   Next: 48%
Magic:  0/3        EV:  4    Int:  7    God:    Trog [*****.]
Gold:   625        SH:  0    Dex: 13    Spells: 0 memorised, 10 levels left

rFire  . . .     SeeInvis .     y - +2 battleaxe (antimagic)
rCold  . . .     Clarity  .     i - +0 plate armour
rNeg   . . .     SustAt   .     (shield currently unavailable)
rPois  .         Gourm    .     K - +2 hat
rElec  .         Spirit   +     (no cloak)
rCorr  .         Warding  .     a - +0 pair of gloves
rMut   .         Stasis   .     (no boots)
MR     ++...                    (no amulet)
Stlth  ..........               G - +2 ring of strength
                                F - +1 ring of protection

@: lethally poisoned (-1 -> -3), exhausted, regenerating, slowed, very slow,
very resistant to hostile enchantments, extremely unstealthy
A: claws 1, horns 1, talons 1, iridescent scales 2, blurry vision 1, dopey 1,
powered by death 2, magic shield
a: Berserk, Trog's Hand, Brothers in Arms, Burn Spellbooks, Renounce Religion


You were on level 2 of the Lair of Beasts.
You worshipped Trog.
Trog was extremely pleased with you.
You were not hungry.

You visited 3 branches of the dungeon, and saw 11 of its levels.
You also visited: Sewer.

You collected 625 gold pieces.

Inventory:

Hand Weapons
 y - a +2 antimagic battleaxe (weapon)
 I - a +4 antimagic broad axe
Missiles
 g - 3 javelins (quivered)
Armour
 a - a +0 pair of gloves (worn)
 i - a +0 plate armour (worn)
 K - a +2 hat (worn)
Jewellery
 F - a +1 ring of protection (left hand)
 G - a +2 ring of strength (right hand)
Wands
 h - a wand of digging (10)
 j - a wand of digging (11)
Scrolls
 b - a scroll of summoning {unknown}
 d - 2 scrolls of blinking
 e - 5 scrolls of teleportation
 k - 3 scrolls of enchant armour
 l - a scroll of fog
 m - a scroll of immolation {unknown}
 n - 4 scrolls of remove curse
 v - 3 scrolls of identify
 z - 3 scrolls of random uselessness {unknown}
 C - 2 scrolls of recharging {unknown}
 D - a scroll of fear
Potions
 o - 3 potions of might
 q - 4 potions of flight
 r - a potion of haste
 s - a potion of agility {unknown}
 t - 8 potions of heal wounds
 u - 3 potions of brilliance {unknown}
 w - 13 potions of curing {unknown}
 x - a potion of berserk rage {unknown}
 B - a potion of poison {unknown}
 H - a potion of magic {unknown}
Comestibles
 c - 4 bread rations
 f - 3 meat rations
 p - a slice of pizza
 A - 9 royal jellies
 E - 4 chunks of flesh
 J - 6 beef jerkies


   Skills:
 * Level 10.2 Fighting
 * Level 9.5 Axes
 + Level 6.4 Throwing
 + Level 6.7 Armour
 + Level 6.4 Dodging


You had 10 spell levels left.
You didn't know any spells.

Dungeon Overview and Level Annotations

Branches:
Dungeon (8/15)             Temple (1/1) D:4            Lair (2/8) D:8

Altars:
Ashenzari
Cheibriados
Elyvilon
Fedhas
Gozag
Kikubaaqudgha
Makhleb
Nemelex Xobeh
Qazlal
Ru
Trog
Vehumet
Xom
Yredelemnul
Zin


Innate Abilities, Weirdness & Mutations

You have sharp fingernails.
You are mostly covered in iridescent scales (AC +6).
You regenerate health from kills.
When hurt, damage is shared between your health and your magic reserves.
You have a pair of small horns on your head.
You have sharp toenails.
Scrolls take you a little longer to read.
You are dopey. (Int -2)


Message History

The eight-headed hydra bites you!
* * * LOW HITPOINT WARNING * * *
The eight-headed hydra bites you but does no damage.
The eight-headed hydra closely misses you.
There is a stone staircase leading up here.
You feel very sick. The porcupine barely misses you.
The electric eel shoots out a bolt of lightning at you!
The bolt of electricity hits you!
* * * LOW HITPOINT WARNING * * *
The bolt of electricity misses you.
The eight-headed hydra bites you but does no damage.
The eight-headed hydra barely misses you.
The eight-headed hydra bites you!
* * * LOW HITPOINT WARNING * * *
The eight-headed hydra bites you but does no damage. x2
The eight-headed hydra completely misses you.
The eight-headed hydra bites you but does no damage. x2
The porcupine bites you!
You die...

.≈≈≈≈≈≈≈P≈≈≈.##.
.P≈≈≈≈≈≈≈≈≈≈....
.#≈≈≈≈≈≈≈≈≈≈≈....
..≈P≈≈P≈≈P≈≈≈..# .
..≈PP≈;.≈≈≈P≈.P#..
..≈≈.....≈;≈≈.P...
...............P..
.........DF.......
........##@P...#.
##.......r..#P.#
#....####### ##
..##.# . ##


You could see an eight-headed hydra, a spiny frog, a porcupine and 2 electric
eels.

Vanquished Creatures
  Gastronok (Lair:1)
  2 spiny frogs (Lair:1)
  9 blink frogs (Lair:1)
  12 yaks
  A wyvern (D:7)
  A deep elf fighter (D:8)
  The ghost of espais the Sneak, an amateur SpEn (D:5)
  Eustachio (D:5)
  A soldier ant (D:8)
  A water moccasin (Lair:1)
  Duvessa (D:6)
  The ghost of espais the Vexing, an amateur SpEn (D:4)
  3 porcupines (Lair:1)
  3 ice beasts
  A sky beast (D:5)
  A black bear (D:7)
  A spider (D:8)
  2 ogres
  5 crocodiles
  A wasp (D:8)
  2 big kobolds
  4 centaurs
  A necrophage (D:6)
  The ghost of adamhnan the Firebug, an amateur GrFE (Sewer)
  Blork the orc (D:6)
  9 giant frogs
  Dowan (D:6)
  2 scorpions
  4 killer bees (D:5)
  A water moccasin skeleton (D:6)
  2 crimson imps
  A quasit (D:7)
  5 wights (D:6)
  2 giant frog zombies
  2 jellies
  2 giant frog skeletons
  3 orc priests
  3 hounds
  6 worker ants
  A centaur skeleton (D:7)
  5 iguanas
  A killer bee zombie (D:6)
  A hound skeleton (D:4)
  16 adders
  11 gnolls
  16 river rats
  12 white imps (Lair:1)
  An ooze (D:1)
  An adder zombie (D:6)
  2 adder skeletons (D:5)
  6 worms
  22 orcs
  4 giant cockroaches
  10 goblins
  5 hobgoblins
  11 jackals
  5 quokkas
  6 ball pythons (Sewer)
  16 bats
  13 giant geckos
  A giant gecko skeleton (D:5)
  4 giant newts
  35 kobolds
  31 rats
  2 plants
339 creatures vanquished.

Vanquished Creatures (others)
  A rat (D:2)
1 creature vanquished.

Grand Total: 340 creatures vanquished

Notes
Turn   | Place    | Note
--------------------------------------------------------------
     0 | D:1      | shmeve the Demonspawn Berserker began the quest for the Orb.
     0 | D:1      | Reached XP level 1. HP: 18/18 MP: 1/1
   505 | D:1      | Gained mutation: You are partially covered in iridescent scales (AC +4). [demonic ancestry]
   505 | D:1      | Reached XP level 2. HP: 14/24 MP: 2/2
   912 | D:2      | Gained mutation: You regenerate a little health from kills. [demonic ancestry]
   912 | D:2      | Reached XP level 3. HP: 29/29 MP: 3/3
   921 | D:2      | Found a burning altar of Makhleb.
   921 | D:2      | Found a blossoming altar of Fedhas.
   921 | D:2      | Found a shimmering altar of Xom.
  1003 | D:2      | Reached ** piety under Trog
  1093 | D:2      | You fall through a shaft!
  1121 | D:3      | Gained mutation: You have sharp fingernails. [demonic ancestry]
  1121 | D:3      | Reached XP level 4. HP: 35/37 MP: 4/4
  1374 | D:2      | Reached skill level 1 in Throwing
  1909 | D:3      | Reached skill level 4 in Fighting
  2043 | D:3      | Found a shattered altar of Ashenzari.
  2194 | D:4      | Reached XP level 5. HP: 42/42 MP: 5/5
  2257 | D:4      | Reached *** piety under Trog
  2357 | D:4      | Gained mutation: When hurt, damage is shared between your health and your magic reserves. [demonic ancestry]
  2357 | D:4      | Reached XP level 6. HP: 30/49 MP: 6/6
  2443 | D:4      | Found a staircase to the Ecumenical Temple.
  2509 | D:4      | Noticed espais's ghost (amateur SpEn)
  2526 | D:4      | Killed espais's ghost
  2718 | D:4      | Noticed an ogre
  2722 | D:4      | Killed an ogre
  2722 | D:4      | Reached skill level 5 in Fighting
  2722 | D:4      | Reached XP level 7. HP: 56/56 MP: 7/7
  2836 | Temple   | Entered the Ecumenical Temple
  2883 | D:5      | Entered Level 5 of the Dungeon
  3226 | D:5      | Reached skill level 5 in Axes
  3261 | D:5      | HP: 2/56 [poisoned by a scorpion]
  3478 | D:5      | Noticed espais's ghost (amateur SpEn)
  3489 | D:5      | Killed espais's ghost
  3725 | D:5      | Gained mutation: You are mostly covered in iridescent scales (AC +6). [demonic ancestry]
  3725 | D:5      | Reached XP level 8. HP: 59/64 MP: 6/8
  3746 | D:5      | Got a slimy ring mail
  3747 | D:5      | Identified the cursed +0 ring mail of the Kettle-Drum {Int+2} (You found it on level 5 of the Dungeon)
  3910 | D:5      | Reached skill level 6 in Fighting
  3997 | D:5      | Reached **** piety under Trog
  4438 | D:5      | Noticed Eustachio
  4454 | D:5      | Killed Eustachio
  4460 | D:5      | Gained mutation: You have a pair of small horns on your head. [mutagenic meat]
  4461 | D:5      | Gained mutation: You have sharp toenails. [mutagenic meat]
  4462 | D:5      | Gained mutation: Scrolls take you a little longer to read. [mutagenic meat]
  4463 | D:5      | Gained mutation: You are dopey. (Int -2) [mutagenic meat]
  4583 | D:6      | Noticed Blork the orc
  4588 | D:6      | Killed Blork the orc
  4667 | D:6      | Reached XP level 9. HP: 46/71 MP: 4/9
  4722 | D:6      | Found a glowing drain.
  4729 | Sewer    | Entered a sewer
  4739 | Sewer    | Reached skill level 7 in Fighting
  4741 | Sewer    | Noticed adamhnan's ghost (amateur GrFE)
  4751 | Sewer    | Killed adamhnan's ghost
  4982 | Sewer    | Reached ***** piety under Trog
  5350 | D:6      | Noticed Duvessa
  5353 | D:6      | Received a gift from Trog
  5354 | D:6      | Noticed Dowan
  5362 | D:6      | Killed Duvessa
  5372 | D:6      | Killed Dowan
  5440 | D:6      | Got a transparent war axe
  5441 | D:6      | Identified the cursed +0 war axe of Bohos {flame, Dex+4} (You found it on level 6 of the Dungeon)
  5452 | D:6      | Found a sparkling altar of Nemelex Xobeh.
  5474 | D:6      | Reached skill level 5 in Armour
  5765 | D:7      | Found a snail-covered altar of Cheibriados.
  5776 | D:7      | Reached skill level 8 in Fighting
  6085 | D:7      | Reached skill level 5 in Dodging
  6660 | D:8      | Found a sacrificial altar of Ru.
  6671 | D:8      | Got a jacinth-encrusted scale mail
  6674 | D:8      | Identified the +2 scale mail of Terror {MR+ Regen+} (You found it on level 8 of the Dungeon)
  6792 | D:8      | Found a staircase to the Lair.
  6799 | D:8      | Gained mutation: You regenerate health from kills. [demonic ancestry]
  6799 | D:8      | Reached XP level 10. HP: 77/80 MP: 3/10
  6825 | D:8      | Reached skill level 5 in Throwing
  6860 | D:8      | Found a basalt altar of Yredelemnul.
  7011 | D:8      | Received a gift from Trog
  7017 | D:8      | Paralysed by a wasp for 2 turns
  7145 | D:8      | Found a stormy altar of Qazlal.
  7210 | D:8      | Found a bloodstained altar of Trog.
  7275 | Lair:1   | Entered Level 1 of the Lair of Beasts
  7462 | Lair:1   | Reached skill level 9 in Fighting
  7511 | Lair:1   | Found a frozen archway.
  7658 | Lair:1   | Noticed Gastronok
  7665 | Lair:1   | Reached XP level 11. HP: 90/90 MP: 3/11
  7672 | Lair:1   | Killed Gastronok
  7672 | Lair:1   | Reached skill level 10 in Fighting
  8432 | Lair:2   | Noticed an eight-headed hydra
  8442 | Lair:2   | Slain by a porcupine

Action                   |  1- 3 |  4- 6 |  7- 9 | 10-12 || total
-------------------------+-------+-------+-------+-------++-------
Melee: Hand axe          |   115 |   197 |   406 |       ||   718
       War axe           |       |       |   157 |       ||   157
       Battleaxe         |       |       |   165 |   190 ||   355
Throw: Javelin           |       |       |     2 |     3 ||     5
Invok: Berserk           |     1 |     4 |     9 |     5 ||    19
       Trog's Hand       |     1 |     1 |     3 |     3 ||     8
  Use: Scroll            |       |       |    15 |       ||    15
  Eat: Chunk             |       |     9 |    26 |     6 ||    41
       Fruit             |       |     1 |     3 |       ||     4
       Beef jerky        |       |       |     1 |       ||     1
       Meat ration       |       |       |       |     1 ||     1
